 Dungeon Sprint DCSS version 0.31-a0-1597-ge7908ec95f (webtiles) character file.

Game seed: 8251806304822503794

494 Conn the Covert (level 7, -6/41 HPs)
             Began as an Octopode Fire Elementalist on Jan 7, 2024.
             Was an Initiate of Sif Muna.
             Mangled by a polar bear (17 damage)
             ... in the Dungeon (Sprint II: "The Violet Keep of Menkaure").
             The game lasted 00:05:25 (359 turns).

Conn the Covert (Octopode Fire Elementalist)         Turns: 359, Time: 00:05:25

Health: -6/41      AC:  1    Str:  7    XL:     7   Next: 15%
Magic:  4/17       EV: 15    Int: 19    God:    Sif Muna [......]
Gold:   381        SH:  0    Dex: 13    Spells: 6/20 levels left

rFire   + . .        q - +1 mace (holy)
rCold   + . .        (no shield)
rNeg    . . .        (helmet restricted)
rPois   +            (no amulet)
rElec   +            (no ring)
rCorr   +            (no ring)
SInv    .            (no ring)
Will    +....        (no ring)
Stlth   ++++++       (no ring)
HPRegen 0.26/turn    (no ring)
MPRegen 0.15/turn    (no ring)
                     (no ring)

%: no teleportation
@: resistant, enlightened, flying
A: almost no armour, amphibious, 8 rings, camouflage 1, gelatinous body 1,
nimble swimmer 1, tentacles
a: Renounce Religion


You were in the Dungeon.
You worshipped Sif Muna.
Sif Muna was noncommittal.
You visited 1 branch You collected 648 gold pieces.
You spent 267 gold pieces at shops.

Inventory:

Hand Weapons
 q - a +1 mace of holy wrath (weapon)
Missiles
 n - 5 curare-tipped darts (quivered)
Scrolls
 e - 3 scrolls of amnesia
 f - a scroll of blinking
 g - a scroll of revelation
 k - a scroll of poison
 r - a scroll of enchant weapon
 s - a scroll of vulnerability
Potions
 a - 6 potions of magic
 b - 4 potions of curing
 c - a potion of heal wounds
 d - a potion of lignification
 i - 2 potions of resistance
 j - a potion of brilliance {unknown}
 l - a potion of attraction {unknown}
 m - a potion of degeneration {unknown}
 o - 2 potions of enlightenment
 p - a potion of invisibility {unknown}


   Skills:
 + Level 5.8 Dodging
 - Level 8.0 Stealth
 * Level 7.2 Spellcasting
 * Level 7.6 Conjurations
 + Level 2.5 Hexes
 * Level 2.5 Translocations
 + Level 6.1 Fire Magic


You had 6 spell levels left.
You knew the following spells:

 Your Spells              Type           Power      Damage    Failure   Level
a - Foxfire               Conj/Fire      100%       2x1d9     1%          1
b - Scorch                Fire           60%        2d7       1%          2
c - Inner Flame           Hex/Fire       23%        N/A       4%          3
d - Flame Wave            Conj/Fire      33%        2d10      6%          4
e - Blink                 Tloc           32%        N/A       5%          2
f - Momentum Strike       Conj/Tloc      52%        3d9       1%          2

Your spell library contained the following spells:

 Spells                   Type           Power      Damage    Failure   Level
 Volatile Blastmotes      Fire/Tloc      46%        2d13      4%          3
 Lesser Beckoning         Tloc           32%        N/A       5%          2


Dungeon Overview and Level Annotations

Branches:
Dungeon (1/1)

Altars:
Cheibriados
Dithmenos
Elyvilon
Fedhas
Gozag
Hepliaklqana
Kikubaaqudgha
Makhleb
Nemelex Xobeh
Okawaru
Qazlal
Ru
Sif Muna
Trog
Uskayaw
Vehumet
Wu Jian
Xom
Yredelemnul
Zin
The Shining One
Jiyva
Lugonu

Shops:
D :!:[=(??(=[[!!:

Annotations:
D exclusion: oklob plant


Innate Abilities, Weirdness & Mutations

You cannot wear most types of armour.
You are amphibious.
You can wear up to eight rings at the same time.
Your skin changes colour to match your surroundings (Stealth+).
Your rubbery body absorbs attacks. (AC +1, EV +1)
You are camouflaged when in or above water. (Stealth+)
You have tentacles for arms and can constrict up to eight enemies at once.


Message History

The polar bear claws you.
* * * LOW HITPOINT WARNING * * *
A wave of flame ripples out!
The flame wave engulfs the polar bear!
The polar bear is moderately wounded.
The flame wave engulfs the polar bear!
Flame seeps out of the polar bear.
The polar bear is moderately wounded.
You hear an angry growl.
The polar bear is engulfed in blazing flames.
Flame seeps out of the polar bear.
The polar bear is engulfed in a cloud of scalding steam.
The polar bear bites you but does no damage.
The polar bear closely misses you. The polar bear barely misses you.
A wave of flame ripples out!
The flame wave engulfs the polar bear.
The polar bear is heavily wounded.
The flame wave engulfs the polar bear!
Flame seeps out of the polar bear.
The polar bear is severely wounded.
The flame wave engulfs the yaktaur.
Flame seeps out of the yaktaur.
The yaktaur is lightly wounded.
You finish channelling waves of flame.
The yaktaur is engulfed in blazing flames.
Flame seeps out of the yaktaur.
The polar bear is engulfed in blazing flames.
Flame seeps out of the polar bear.
The polar bear goes berserk!
The polar bear closely misses you. The polar bear barely misses you.
The polar bear claws you.
* * * LOW HITPOINT WARNING * * *
Unknown command.
Unknown command.
Unknown command.
Casting: Flame Wave (quite dangerous; 6% risk of failure)
Confirm with . or Enter, or press ? or * to list all spells.
Flames lash the yaktaur.
Flame seeps out of the yaktaur.
The yaktaur is heavily wounded.
The yaktaur's fire resistance burns away.
The polar bear is engulfed in blazing flames.
Flame seeps out of the polar bear.
The polar bear rages.
The yaktaur is engulfed in blazing flames.
Flame seeps out of the yaktaur.
The polar bear bites you!
You die...

#=|▓.%.[..)(▓▓ .###
+.####[}▓..(...()▓▓ ...#
...####▓.....([.▓▓ #..## #^.#
$#▓[...(..)▓▓ 3##..# +..#
y#▓)..)(.).▓▓ .# #..# #^.#
h#▓)([.[.(.▓▓ #
+..####..##.#▓....(...▓▓ #
#....###...##▓▓▓▓▓▓▓'▓▓▓▓+▓
##.....†~~~chh@§§~~~~...X≈≈▓
###~~....§~#'########+###.≈≈≈▓
#~~~§~~~..§#_._._...#l~§##≈≈≈▓
#~~§§§~~~.~#._._._._#§§§≈####▓
~§~§§≈~~§~~#_._._._.#~l~~≈#
~~~~§≈§§§§~#._._._._#§§~≈≈≈
+#~≈§≈≈§§§~#.._._._.#§~~~§≈
##§§≈###§≈#..._._._#~~§~§l
≈≈##≈≈# #≈≈#...._._.#~~§§


You could see 2 polar bears, a yaktaur (inner flame, combustible) and 2
crocodiles.

Vanquished Creatures
  Menkaure (D)
  A crocodile (D)
  5 scorpions (D)
7 creatures vanquished.

Vanquished Creatures (others)
  17 foxfires (D)
  4 tentacles (D)
21 creatures vanquished.

Grand Total: 28 creatures vanquished

Notes
Turn   | Place    | Note
-------+----------+-------------------------------------------
     0 | D        | Conn the Octopode Fire Elementalist began the quest for the
                  | Orb.
     0 | D        | Reached XP level 1. HP: 11/11 MP: 3/3
     1 | D        | Noticed a neqoxec
     8 | D        | Noticed a scorpion
     8 | D        | Noticed a scorpion
     8 | D        | Noticed a scorpion
     8 | D        | Noticed a scorpion
    11 | D        | Noticed a boulder beetle
    11 | D        | Noticed a boulder beetle
    19 | D        | Killed a scorpion
    20 | D        | Reached skill level 4 in Stealth
    20 | D        | Reached XP level 2. HP: 17/17 MP: 1/7
    20 | D        | Reached XP level 3. HP: 21/21 MP: 1/8
    20 | D        | Reached XP level 4. HP: 27/27 MP: 1/10
    23 | D        | Killed a scorpion
    24 | D        | Reached skill level 5 in Stealth
    24 | D        | Reached skill level 5 in Conjurations
    24 | D        | Reached XP level 5. HP: 31/31 MP: 1/12
    30 | D        | Reached skill level 6 in Stealth
    30 | D        | Reached skill level 5 in Spellcasting
    30 | D        | Reached skill level 5 in Fire Magic
    31 | D        | Reached skill level 5 in Dodging
    31 | D        | Reached skill level 7 in Stealth
    31 | D        | Reached XP level 6. HP: 24/36 MP: 2/15
    40 | D        | Learned a level 2 spell: Scorch
    44 | D        | Learned a level 3 spell: Inner Flame
    49 | D        | Learned a level 4 spell: Flame Wave
    74 | D        | Found Agresi's Distillery.
    74 | D        | Found Xewkeneq's Distillery.
    74 | D        | Found Patar's Antique Armour Emporium.
    74 | D        | Found Kougoerr's Armour Emporium.
    74 | D        | Found Rusapt's Antique Weapon Shoppe.
    74 | D        | Found Jilel's Jewellery Shoppe.
    75 | D        | Found Vupo's Magic Scroll Shoppe.
    75 | D        | Found Fuleddu's Magic Scroll Emporium.
    76 | D        | Found Cargh's Antique Weapon Shoppe.
    76 | D        | Found Laisy's Jewellery Emporium.
    76 | D        | Noticed a hell hog
    77 | D        | Found Etoydifi's Book Emporium.
    77 | D        | Noticed Menkaure
    77 | D        | Noticed a hell hog
    82 | D        | Killed Menkaure
    83 | D        | Reached skill level 1 in Hexes
    88 | D        | Found Sountoh's Antique Armour Emporium.
    88 | D        | Noticed an oklob plant
    89 | D        | Found Qaasch's Distillery.
    89 | D        | Found Agaag's Book Emporium.
    89 | D        | Found Pifuhek's Book Shoppe.
    98 | D        | Noticed a slime creature
   101 | D        | Noticed a slime creature
   103 | D        | Noticed a slime creature
   115 | D        | Bought a potion of lignification for 33 gold pieces
   118 | D        | Bought a book of Spatial Translocations for 234 gold pieces
   121 | D        | Learned a level 2 spell: Blink
   135 | D        | Reached skill level 8 in Stealth
   135 | D        | Reached skill level 1 in Translocations
   155 | D        | Found an iron altar of Okawaru.
   155 | D        | Found an opulent altar of Gozag.
   156 | D        | Found a sparkling altar of Nemelex Xobeh.
   156 | D        | Found a blossoming altar of Fedhas.
   157 | D        | Found a radiant altar of Vehumet.
   157 | D        | Found a burning altar of Makhleb.
   157 | D        | Found a white marble altar of Elyvilon.
   158 | D        | Found a hide-covered altar of Uskayaw.
   158 | D        | Found a corrupted altar of Lugonu.
   158 | D        | Found a shadowy altar of Dithmenos.
   164 | D        | Reached XP level 7. HP: 41/41 MP: 9/17
   164 | D        | Found a glowing silver altar of Zin.
   164 | D        | Found a bloodstained altar of Trog.
   164 | D        | Found an ancient bone altar of Kikubaaqudgha.
   165 | D        | Found a basalt altar of Yredelemnul.
   165 | D        | Found a shimmering blue altar of Sif Muna.
   165 | D        | Found a viscous altar of Jiyva.
   166 | D        | Found a shimmering altar of Xom.
   166 | D        | Found a sacrificial altar of Ru.
   168 | D        | Found a glowing golden altar of the Shining One.
   168 | D        | Found an ornate altar of the Wu Jian Council.
   168 | D        | Found a stormy altar of Qazlal.
   168 | D        | Found a snail-covered altar of Cheibriados.
   168 | D        | Found a hazy altar of Hepliaklqana.
   174 | D        | Became a worshipper of Sif Muna the Loreminder
   187 | D        | Noticed a kraken
   314 | D        | Learned a level 2 spell: Momentum Strike
   350 | D        | Noticed a yaktaur
   350 | D        | Noticed a hornet
   350 | D        | Noticed a polar bear
   351 | D        | Noticed a polar bear
   351 | D        | Noticed a polar bear
   359 | D        | Mangled by a polar bear

Illustrated notes

Levels and vault maps discovered:
D:        the_violet_keep_of_menkaure [sprint2_stairs_cluster_1,
          sprint2_shoproom, sprint2_temple, sprint2_basic_supplies,
          sprint2_obstacle_7, sprint2_obstacle_4, sprint2_obstacle_2,
          sprint2_obstacle_5, sprint2_obstacle_1, sprint2_timed_cluster_1,
          sprint2_smallroom_cluster_1, sprint2_smallroom_final_cluster_1,
          sprint2_transparent_cluster_1, sprint2_second_timed_cluster_1,
          sprint2_sniper_area_1, sprint2_heavy_combat_area_1,
          sprint2_mutation_trap_area_1, sprint2_forest_area_1,
          sprint2_light_combat_area_1, sprint2_behind_water_1,
          sprint2_near_end_vault_1]

Skill      XL: |  1  2  3  4  5  6 |
---------------+-------------------+-----
Dodging        | 3 4 5 |  5.8
Stealth        | 4 5 7 8 |  8.0
Spellcasting   | 4 6 7 |  7.2
Conjurations   | 4 5 6 7 |  7.6
Fire Magic     | 4 5 6 |  6.1
Hexes          | 2 |  2.5
Translocations | 2 |  2.5

Action                     |  1- 3 |  4- 6 |  7- 9 || total
---------------------------+-------+-------+-------++-------
  Melee: Unarmed           |     1 |    12 |       ||    13
         Tentacles         |     1 |     4 |       ||     5
         Constrict         |       |     3 |       ||     3
   Cast: Foxfire           |     2 |     9 |       ||    11
         Scorch            |       |     2 |     1 ||     3
         Inner Flame       |       |       |     2 ||     2
         Flame Wave        |       |       |     1 ||     1
    Use: Potion            |     2 |       |     2 ||     4
         Scroll            |       |       |     5 ||     5
 Armour: Skin              |       |     6 |     7 ||    13
  Dodge: Dodged            |       |     6 |     9 ||    15

Table legend: (Time is in decaauts)
 A = Elapsed time spent in this place.
 B = Non-inter-level travel time spent in this place.
 C = Inter-level travel time spent in this place.
 D = Time resting spent in this place.
 E = Time spent auto-exploring this place.
 F = Levels seen in this place.
 G = Mean time per level.
                   A        B        C        D        E       F      G
               +--------+--------+--------+--------+--------+-----+--------+
         Total |    359 |    359 |      0 |      0 |      0 |   1 |  359.0 |
       Dungeon |    359 |    359 |      0 |      0 |      0 |   1 |  359.0 |
               +--------+--------+--------+--------+--------+-----+--------+

Top non-repeatable levels by time:
       D: 359 daAuts
